[ AOE2 MATCH · #462005472 ]
UnrankedGoths vs Celts
Player's team · LOSS
[ REPLAY ANALYSIS · EXTRACTED FROM THE RECORDED GAME ]
Feudal
13:13
Castle
17:08
Imperial
—
| APM avg | 13.6 |
| APM peak | 53 |
| eAPM avg | 9.6 |
| Villagers / military | 100 / 92 |
Focus
⚔️ 14.0% · 🌾 86.0%
Huskarl ×88 · Petard ×2 · Spearman ×2
Feudal
11:03
Castle
19:34
Imperial
40:07
| APM avg | 36.3 |
| APM peak | 125 |
| eAPM avg | 30.6 |
| Villagers / military | 89 / 206 |
Focus
⚔️ 22.0% · 🌾 78.0%
Woad Raider ×104 · Spearman ×38 · Skirmisher ×34 · Battering Ram ×24 · Scorpion ×5 · Monk ×1
Feudal
12:43
Castle
16:53
Imperial
—
| APM avg | 18.9 |
| APM peak | 65 |
| eAPM avg | 9.6 |
| Villagers / military | 98 / 26 |
Focus
⚔️ 19.4% · 🌾 80.6%
Jaguar Warrior ×21 · Battering Ram ×3 · Mangonel ×2
Feudal
11:46
Castle
15:21
Imperial
29:49
| APM avg | 41.2 |
| APM peak | 165 |
| eAPM avg | 27.5 |
| Villagers / military | 153 / 60 |
Focus
⚔️ 44.5% · 🌾 55.5%
Scout Cavalry ×29 · Scorpion ×19 · Bombard Cannon ×5 · Monk ×4 · Trebuchet (Packed) ×3
Feudal
10:41
Castle
14:12
Imperial
27:47
| APM avg | 47.7 |
| APM peak | 99 |
| eAPM avg | 24.7 |
| Villagers / military | 159 / 224 |
Focus
⚔️ 29.0% · 🌾 71.0%
Hand Cannoneer ×150 · Scout Cavalry ×57 · Petard ×7 · Monk ×3 · Bombard Cannon ×3 · Trebuchet (Packed) ×2
Feudal
9:52
Castle
18:40
Imperial
32:27
| APM avg | 17.3 |
| APM peak | 36 |
| eAPM avg | 12.6 |
| Villagers / military | 139 / 55 |
Focus
⚔️ 36.6% · 🌾 63.4%
Unknown (1920) ×183 · Steppe Lancer ×44 · Trebuchet (Packed) ×9 · Unknown (1923) ×6 · Iron Pagoda ×2
Feudal
—
Castle
—
Imperial
—
| APM avg | 22.0 |
| APM peak | 67 |
| eAPM avg | 14.1 |
| Villagers / military | 161 / 245 |
Focus
⚔️ 25.4% · 🌾 74.6%
Scout Cavalry ×187 · Knight ×36 · Mameluke ×22
Feudal
10:12
Castle
15:06
Imperial
31:52
| APM avg | 22.2 |
| APM peak | 49 |
| eAPM avg | 12.5 |
| Villagers / military | 148 / 131 |
Focus
⚔️ 24.5% · 🌾 75.5%
Hand Cannoneer ×77 · Hussite Wagon ×30 · Bombard Cannon ×21 · Trebuchet (Packed) ×2 · Monk ×1
Match map
Initial resources + every placement click. Lines = walls · curves = elevation contours. ◆ gold · ⬟ stone · ● berries · ✦ relic · ◌ wall gap
Inputs per minute
— Galagorth - - Poseidon
Build order — Galagorth
First 150 of 260 actions detected
| 0:07 | Build | House |
| 0:11 | Build | House |
| 0:11 | Build | House |
| 0:12 | Build | House |
| 0:16 | Create | Villager (Male) |
| 0:16 | Create | Villager (Male) |
| 0:17 | Create | Villager (Male) |
| 0:21 | Create | Villager (Male) |
| 0:21 | Create | Villager (Male) |
| 0:40 | Build | House |
| 1:43 | Create | Villager (Male) |
| 2:21 | Create | Villager (Male) |
| 2:51 | Create | Villager (Male) |
| 2:51 | Create | Villager (Male) |
| 3:20 | Create | Villager (Male) |
| 3:38 | Create | Villager (Male) |
| 4:13 | Create | Villager (Male) |
| 4:22 | Build | Lumber Camp |
| 4:37 | Create | Villager (Male) |
| 5:02 | Create | Villager (Male) |
| 5:29 | Create | Villager (Male) |
| 5:39 | Build | House |
| 5:43 | Build | House |
| 5:56 | Create | Villager (Male) |
| 6:14 | Create | Villager (Male) |
| 6:26 | Create | Villager (Male) |
| 6:56 | Create | Villager (Male) |
| 7:11 | Create | Villager (Male) |
| 7:39 | Create | Villager (Male) |
| 8:21 | Create | Villager (Male) |
| 8:36 | Create | Villager (Male) |
| 8:55 | Create | Villager (Male) |
| 9:21 | Build | Mining Camp |
| 9:45 | Build | Mill |
| 9:48 | Create | Villager (Male) |
| 9:49 | Create | Villager (Male) |
| 9:49 | Create | Villager (Male) |
| 9:53 | Build | Mill |
| 10:45 | Build | Mining Camp |
| 10:48 | Research | Feudal Age |
| 11:01 | Build | Farm |
| 11:54 | Create | Villager (Male) |
| 11:54 | Create | Villager (Male) |
| 12:15 | Build | House |
| 12:17 | Build | House |
| 12:28 | Create | Villager (Male) |
| 13:13 | Age | Feudal Age |
| 13:23 | Build | Blacksmith |
| 13:32 | Build | Market |
| 13:52 | Create | Villager (Male) |
| 14:02 | Research | Horse Collar |
| 14:11 | Build | Farm |
| 14:14 | Build | Farm |
| 14:17 | Build | Farm |
| 14:23 | Research | Castle Age |
| 15:09 | Research | Double-Bit Axe |
| 15:18 | Build | Farm |
| 15:19 | Build | Farm |
| 15:21 | Build | Farm |
| 15:29 | Research | Stone Mining |
| 15:58 | Research | Gold Mining |
| 16:01 | Research | Loom |
| 16:13 | Build | Barracks |
| 17:04 | Build | Farm |
| 17:05 | Build | Farm |
| 17:08 | Age | Castle Age |
| 17:10 | Build | Farm |
| 17:13 | Build | Farm |
| 17:15 | Build | Farm |
| 17:17 | Create | Spearman |
| 17:24 | Create | Villager (Male) |
| 17:24 | Create | Villager (Male) |
| 17:25 | Create | Villager (Male) |
| 17:56 | Build | Castle |
| 18:01 | Build | Mining Camp |
| 18:07 | Build | Farm |
| 18:11 | Build | Farm |
| 18:18 | Create | Villager (Male) |
| 18:28 | Create | Spearman |
| 18:38 | Research | Bow Saw |
| 18:44 | Create | Villager (Male) |
| 18:44 | Create | Villager (Male) |
| 18:54 | Build | House |
| 18:55 | Build | House |
| 19:21 | Research | Heavy Plow |
| 19:42 | Create | Villager (Male) |
| 20:19 | Build | Town Center |
| 20:24 | Create | Villager (Male) |
| 20:24 | Create | Villager (Male) |
| 20:25 | Create | Villager (Male) |
| 20:35 | Build | Mining Camp |
| 21:32 | Create | Villager (Male) |
| 21:35 | Create | Villager (Male) |
| 21:35 | Create | Villager (Male) |
| 21:35 | Create | Villager (Male) |
| 22:05 | Build | Town Center |
| 22:09 | Create | Villager (Male) |
| 22:09 | Create | Villager (Male) |
| 22:11 | Create | Villager (Male) |
| 22:11 | Create | Villager (Male) |
| 22:18 | Research | Forging |
| 22:22 | Create | Huskarl |
| 22:22 | Create | Huskarl |
| 22:45 | Build | Farm |
| 22:45 | Build | Farm |
| 22:45 | Build | Farm |
| 22:46 | Build | Farm |
| 22:46 | Build | Farm |
| 22:57 | Create | Villager (Male) |
| 22:59 | Create | Villager (Male) |
| 23:00 | Create | Villager (Male) |
| 23:04 | Create | Villager (Male) |
| 23:28 | Build | Lumber Camp |
| 23:31 | Create | Villager (Male) |
| 23:32 | Create | Villager (Male) |
| 23:36 | Build | Farm |
| 23:37 | Build | Farm |
| 23:37 | Build | Farm |
| 23:37 | Build | Farm |
| 23:49 | Build | Farm |
| 23:53 | Build | Farm |
| 23:55 | Create | Villager (Male) |
| 23:56 | Create | Villager (Male) |
| 23:56 | Create | Villager (Male) |
| 24:06 | Create | Villager (Male) |
| 24:06 | Create | Villager (Male) |
| 24:14 | Build | Farm |
| 24:16 | Build | Farm |
| 24:19 | Create | Villager (Male) |
| 24:28 | Create | Villager (Male) |
| 24:29 | Create | Villager (Male) |
| 24:46 | Create | Villager (Male) |
| 24:54 | Research | Squires |
| 25:00 | Create | Villager (Male) |
| 25:04 | Build | Farm |
| 25:13 | Build | Farm |
| 25:19 | Build | Farm |
| 25:21 | Build | Farm |
| 25:22 | Build | Farm |
| 25:24 | Build | Mill |
| 25:33 | Build | Farm |
| 25:40 | Build | Farm |
| 25:43 | Build | Mill |
| 25:44 | Create | Villager (Male) |
| 25:44 | Create | Villager (Male) |
| 25:45 | Create | Villager (Male) |
| 25:45 | Create | Villager (Male) |
| 25:46 | Create | Villager (Male) |
| 25:49 | Create | Huskarl ×4 |
| 26:10 | Build | Blacksmith |
Build order — Poseidon
First 150 of 410 actions detected
| 0:03 | Build | House |
| 0:05 | Build | House |
| 0:09 | Create | Villager (Male) |
| 0:10 | Create | Villager (Male) |
| 0:10 | Create | Villager (Male) |
| 0:10 | Create | Villager (Male) |
| 0:11 | Create | Villager (Male) |
| 1:44 | Create | Villager (Male) |
| 1:44 | Create | Villager (Male) |
| 1:55 | Build | Lumber Camp |
| 1:57 | Create | Villager (Male) |
| 1:58 | Create | Villager (Male) |
| 2:29 | Create | Villager (Male) |
| 2:30 | Create | Villager (Male) |
| 3:16 | Create | Villager (Male) |
| 3:16 | Create | Villager (Male) |
| 3:38 | Create | Villager (Male) |
| 3:39 | Create | Villager (Male) |
| 3:44 | Build | House |
| 3:45 | Build | House |
| 3:46 | Build | House |
| 3:47 | Build | House |
| 4:16 | Create | Villager (Male) |
| 4:16 | Create | Villager (Male) |
| 4:16 | Create | Villager (Male) |
| 4:51 | Create | Villager (Male) |
| 4:51 | Create | Villager (Male) |
| 4:52 | Create | Villager (Male) |
| 5:38 | Create | Villager (Male) |
| 5:38 | Create | Villager (Male) |
| 5:39 | Create | Villager (Male) |
| 5:39 | Create | Villager (Male) |
| 5:54 | Create | Villager (Male) |
| 5:54 | Create | Villager (Male) |
| 5:58 | Research | Loom |
| 8:24 | Build | Mill |
| 8:31 | Build | Mill |
| 8:53 | Research | Feudal Age |
| 9:40 | Build | Mill |
| 11:03 | Create | Villager (Male) |
| 11:03 | Age | Feudal Age |
| 11:03 | Create | Villager (Male) |
| 11:04 | Create | Villager (Male) |
| 11:04 | Create | Villager (Male) |
| 11:05 | Create | Villager (Male) |
| 11:05 | Create | Villager (Male) |
| 11:05 | Create | Villager (Male) |
| 11:06 | Create | Villager (Male) |
| 11:06 | Create | Villager (Male) |
| 11:06 | Create | Villager (Male) |
| 11:07 | Create | Villager (Male) |
| 11:07 | Create | Villager (Male) |
| 11:11 | Build | Market |
| 11:13 | Build | Blacksmith |
| 11:40 | Build | Mining Camp |
| 11:48 | Research | Double-Bit Axe |
| 12:57 | Build | Mining Camp |
| 13:05 | Build | Mining Camp |
| 13:06 | Create | Villager (Male) |
| 13:07 | Create | Villager (Male) |
| 13:07 | Create | Villager (Male) |
| 13:24 | Build | Lumber Camp |
| 13:42 | Build | House |
| 13:44 | Build | House |
| 14:30 | Build | Farm |
| 14:52 | Build | Farm |
| 15:00 | Build | Farm |
| 15:19 | Build | Farm |
| 15:35 | Build | Farm |
| 15:36 | Build | Farm |
| 15:37 | Build | Farm |
| 15:38 | Build | Farm |
| 15:40 | Build | Farm |
| 15:42 | Build | Farm |
| 16:03 | Build | Farm |
| 16:54 | Research | Castle Age |
| 17:25 | Research | Horse Collar |
| 18:15 | Research | Gold Mining |
| 18:18 | Research | Stone Mining |
| 18:58 | Research | Scale Mail Armor |
| 18:59 | Research | Forging |
| 19:10 | Build | Farm |
| 19:12 | Build | Farm |
| 19:13 | Build | Farm |
| 19:34 | Age | Castle Age |
| 19:49 | Build | Town Center |
| 19:59 | Create | Villager (Male) |
| 20:00 | Create | Villager (Male) |
| 20:00 | Create | Villager (Male) |
| 20:00 | Create | Villager (Male) |
| 20:00 | Create | Villager (Male) |
| 20:01 | Create | Villager (Male) |
| 20:13 | Build | Castle |
| 20:19 | Create | Villager (Male) |
| 20:20 | Create | Villager (Male) |
| 20:20 | Create | Villager (Male) |
| 20:28 | Build | Monastery |
| 20:37 | Build | House |
| 20:39 | Build | House |
| 20:45 | Create | Villager (Male) |
| 20:46 | Create | Villager (Male) |
| 20:46 | Create | Villager (Male) |
| 20:47 | Create | Villager (Male) |
| 20:57 | Build | Farm |
| 21:16 | Create | Monk |
| 21:53 | Research | Iron Casting |
| 21:59 | Build | Farm |
| 22:01 | Build | Farm |
| 22:05 | Build | Mining Camp |
| 22:10 | Build | Siege Workshop |
| 22:11 | Build | Siege Workshop |
| 22:15 | Build | Farm |
| 22:17 | Create | Villager (Male) |
| 22:17 | Create | Villager (Male) |
| 22:18 | Create | Villager (Male) |
| 22:18 | Create | Villager (Male) |
| 22:27 | Create | Villager (Male) |
| 22:28 | Create | Villager (Male) |
| 22:42 | Create | Woad Raider |
| 22:42 | Create | Woad Raider |
| 23:01 | Create | Woad Raider |
| 23:01 | Create | Woad Raider |
| 23:18 | Create | Woad Raider |
| 23:19 | Create | Woad Raider |
| 23:33 | Create | Battering Ram |
| 24:02 | Create | Villager (Male) |
| 24:02 | Create | Villager (Male) |
| 24:02 | Create | Villager (Male) |
| 24:03 | Create | Villager (Male) |
| 24:03 | Create | Villager (Male) |
| 24:03 | Create | Villager (Male) |
| 24:06 | Create | Villager (Male) |
| 24:06 | Create | Villager (Male) |
| 24:14 | Build | Mining Camp |
| 24:16 | Create | Villager (Male) |
| 24:16 | Create | Villager (Male) |
| 24:17 | Create | Villager (Male) |
| 24:17 | Create | Villager (Male) |
| 24:38 | Create | Battering Ram |
| 24:38 | Create | Battering Ram |
| 25:18 | Create | Woad Raider |
| 25:19 | Create | Woad Raider |
| 25:19 | Create | Woad Raider |
| 25:19 | Create | Woad Raider |
| 25:19 | Create | Woad Raider |
| 25:21 | Create | Woad Raider |
| 25:21 | Create | Woad Raider |
| 25:29 | Create | Battering Ram |
| 25:29 | Create | Battering Ram |
| 25:29 | Create | Battering Ram |
Build order — GDL | ELPROTEOAOE
First 150 of 213 actions detected
| 0:02 | Create | Villager (Male) |
| 0:02 | Create | Villager (Male) |
| 0:02 | Create | Villager (Male) |
| 0:03 | Create | Villager (Male) |
| 0:04 | Build | House |
| 0:07 | Build | House |
| 1:37 | Create | Villager (Male) |
| 1:50 | Build | Lumber Camp |
| 2:05 | Create | Villager (Male) |
| 2:24 | Build | Building 804 |
| 2:28 | Create | Villager (Male) |
| 2:28 | Create | Villager (Male) |
| 2:46 | Create | Villager (Male) |
| 3:11 | Build | Building 804 |
| 3:21 | Create | Villager (Male) |
| 3:45 | Create | Villager (Male) |
| 3:58 | Build | Building 804 |
| 4:05 | Build | Palisade Wall |
| 4:06 | Build | Palisade Wall |
| 4:29 | Create | Villager (Male) |
| 4:51 | Create | Villager (Male) |
| 5:04 | Build | House |
| 5:05 | Build | House |
| 5:18 | Create | Villager (Male) |
| 5:18 | Create | Villager (Male) |
| 5:23 | Research | Loom |
| 5:24 | Create | Villager (Male) |
| 5:24 | Create | Villager (Male) |
| 5:30 | Create | Villager (Male) |
| 6:10 | Create | Villager (Male) |
| 6:26 | Create | Villager (Male) |
| 6:38 | Create | Villager (Male) |
| 6:40 | Create | Villager (Male) |
| 6:48 | Create | Villager (Male) |
| 7:02 | Create | Villager (Male) |
| 7:17 | Build | Palisade Wall |
| 7:25 | Build | Lumber Camp |
| 7:47 | Create | Villager (Male) |
| 8:08 | Create | Villager (Male) |
| 8:26 | Create | Villager (Male) |
| 8:29 | Build | House |
| 8:51 | Create | Villager (Male) |
| 8:55 | Build | Mining Camp |
| 9:03 | Build | Mill |
| 10:12 | Create | Villager (Male) |
| 10:18 | Build | Farm |
| 10:19 | Build | Farm |
| 10:21 | Build | Farm |
| 10:22 | Build | Farm |
| 10:33 | Research | Feudal Age |
| 11:53 | Create | Villager (Male) |
| 11:53 | Create | Villager (Male) |
| 12:43 | Age | Feudal Age |
| 12:49 | Build | Market |
| 12:53 | Build | Blacksmith |
| 14:13 | Research | Castle Age |
| 14:43 | Build | House |
| 15:31 | Build | Mining Camp |
| 16:53 | Age | Castle Age |
| 17:01 | Build | Siege Workshop |
| 17:12 | Build | Castle |
| 17:20 | Create | Villager (Male) |
| 17:21 | Create | Villager (Male) |
| 17:37 | Create | Villager (Male) |
| 17:51 | Create | Battering Ram |
| 17:52 | Create | Battering Ram |
| 17:53 | Create | Battering Ram |
| 18:11 | Create | Villager (Male) |
| 18:18 | Create | Villager (Male) |
| 18:24 | Build | Farm |
| 18:31 | Build | Farm |
| 18:35 | Create | Jaguar Warrior ×3 |
| 18:42 | Create | Jaguar Warrior |
| 18:45 | Create | Villager (Male) |
| 18:53 | Build | Farm |
| 18:55 | Create | Villager (Male) |
| 19:03 | Create | Jaguar Warrior |
| 19:04 | Create | Jaguar Warrior |
| 19:14 | Research | Scale Mail Armor |
| 19:17 | Build | Farm |
| 19:20 | Create | Villager (Male) |
| 19:32 | Build | Farm |
| 19:40 | Create | Villager (Male) |
| 19:54 | Build | Farm |
| 20:06 | Create | Jaguar Warrior ×2 |
| 20:09 | Create | Villager (Male) |
| 20:24 | Build | Farm |
| 20:25 | Create | Villager (Male) |
| 20:38 | Create | Jaguar Warrior |
| 20:39 | Create | Jaguar Warrior |
| 20:39 | Create | Jaguar Warrior |
| 20:50 | Build | Farm |
| 20:57 | Create | Jaguar Warrior |
| 21:10 | Create | Villager (Male) |
| 21:22 | Create | Jaguar Warrior |
| 21:23 | Create | Jaguar Warrior |
| 21:35 | Create | Villager (Male) |
| 21:44 | Build | Farm |
| 21:49 | Create | Jaguar Warrior |
| 22:06 | Create | Villager (Male) |
| 22:27 | Create | Villager (Male) |
| 22:36 | Create | Villager (Male) |
| 22:50 | Build | Castle |
| 22:51 | Create | Villager (Male) |
| 23:18 | Create | Villager (Male) |
| 23:23 | Create | Villager (Male) |
| 23:29 | Create | Villager (Male) |
| 23:36 | Create | Villager (Male) |
| 23:39 | Create | Villager (Male) |
| 23:50 | Build | Farm |
| 23:52 | Build | Farm |
| 23:55 | Build | Farm |
| 23:57 | Build | Farm |
| 23:58 | Create | Villager (Male) |
| 24:11 | Build | Town Center |
| 24:15 | Research | Double-Bit Axe |
| 24:18 | Research | Horse Collar |
| 24:30 | Build | Farm |
| 24:31 | Create | Villager (Male) |
| 24:53 | Create | Villager (Male) |
| 24:58 | Research | Fletching |
| 25:08 | Create | Villager (Male) |
| 25:13 | Build | Farm |
| 25:19 | Create | Villager (Male) |
| 25:28 | Create | Villager (Male) |
| 25:32 | Create | Villager (Male) |
| 25:33 | Create | Villager (Male) |
| 25:33 | Create | Villager (Male) |
| 25:43 | Research | Wheelbarrow |
| 25:44 | Create | Villager (Male) |
| 25:53 | Create | Villager (Male) |
| 26:04 | Research | Bodkin Arrow |
| 26:04 | Create | Villager (Male) |
| 26:10 | Build | Farm |
| 26:11 | Create | Villager (Male) |
| 26:19 | Create | Villager (Male) |
| 26:21 | Create | Villager (Male) |
| 26:24 | Build | Farm |
| 26:26 | Build | Farm |
| 26:28 | Build | Farm |
| 26:33 | Create | Villager (Male) |
| 26:49 | Research | Bow Saw |
| 26:50 | Create | Villager (Male) |
| 26:51 | Create | Villager (Male) |
| 26:56 | Create | Villager (Male) |
| 27:11 | Build | House |
| 27:19 | Create | Villager (Male) |
| 27:20 | Build | Farm |
| 27:25 | Build | Farm |
| 27:27 | Build | Farm |
Build order — El sin manos xD
First 150 of 380 actions detected
| 0:00 | Create | Villager (Male) |
| 0:01 | Create | Villager (Male) |
| 0:01 | Create | Villager (Male) |
| 0:02 | Build | House |
| 0:02 | Create | Villager (Male) |
| 0:04 | Build | House |
| 1:14 | Create | Villager (Male) |
| 1:38 | Create | Villager (Male) |
| 1:45 | Build | Lumber Camp |
| 2:08 | Create | Villager (Male) |
| 2:32 | Create | Villager (Male) |
| 2:59 | Create | Villager (Male) |
| 3:25 | Build | House |
| 3:26 | Build | House |
| 3:27 | Build | House |
| 3:31 | Create | Villager (Male) |
| 3:42 | Research | Loom |
| 3:52 | Create | Villager (Male) |
| 4:27 | Create | Villager (Male) |
| 4:40 | Build | Mill |
| 4:49 | Create | Villager (Male) |
| 4:49 | Create | Villager (Male) |
| 5:13 | Create | Villager (Male) |
| 5:14 | Create | Villager (Male) |
| 5:14 | Create | Villager (Male) |
| 5:30 | Build | Mining Camp |
| 5:33 | Create | Villager (Male) |
| 5:46 | Create | Villager (Male) |
| 6:15 | Create | Villager (Male) |
| 6:19 | Create | Villager (Male) |
| 6:19 | Create | Villager (Male) |
| 6:27 | Create | Villager (Male) |
| 6:32 | Research | Loom |
| 6:40 | Create | Villager (Male) |
| 6:57 | Create | Villager (Male) |
| 7:06 | Build | Mill |
| 7:24 | Create | Villager (Male) |
| 7:51 | Build | Farm |
| 7:54 | Build | Farm |
| 8:51 | Build | Farm |
| 9:16 | Research | Feudal Age |
| 9:16 | Research | Feudal Age |
| 9:21 | Build | Farm |
| 9:45 | Research | Loom |
| 9:48 | Create | Villager (Male) |
| 11:14 | Build | House |
| 11:46 | Age | Feudal Age |
| 11:50 | Build | Market |
| 11:52 | Build | Blacksmith |
| 12:00 | Create | Villager (Male) |
| 12:15 | Research | Double-Bit Axe |
| 12:41 | Research | Castle Age |
| 13:02 | Build | Farm |
| 13:04 | Build | Farm |
| 13:11 | Build | Farm |
| 13:16 | Research | Horse Collar |
| 14:42 | Create | Villager (Male) |
| 14:43 | Create | Villager (Male) |
| 15:21 | Age | Castle Age |
| 15:25 | Build | Town Center |
| 15:29 | Build | Town Center |
| 16:05 | Create | Villager (Male) |
| 16:18 | Create | Villager (Male) |
| 16:19 | Create | Villager (Male) |
| 16:19 | Create | Villager (Male) |
| 16:33 | Build | Town Center |
| 16:46 | Create | Villager (Male) |
| 16:46 | Create | Villager (Male) |
| 16:52 | Research | Town Watch |
| 16:53 | Create | Villager (Male) |
| 16:53 | Create | Villager (Male) |
| 17:02 | Create | Villager (Male) |
| 17:02 | Create | Villager (Male) |
| 17:07 | Build | House |
| 17:08 | Build | House |
| 17:08 | Build | House |
| 17:09 | Create | Villager (Male) |
| 17:09 | Create | Villager (Male) |
| 17:10 | Create | Villager (Male) |
| 17:12 | Create | Villager (Male) |
| 17:12 | Create | Villager (Male) |
| 17:12 | Create | Villager (Male) |
| 17:20 | Build | Farm |
| 17:22 | Build | Farm |
| 17:26 | Build | Farm |
| 17:27 | Create | Villager (Male) |
| 17:28 | Create | Villager (Male) |
| 17:46 | Create | Villager (Male) |
| 17:46 | Create | Villager (Male) |
| 17:46 | Create | Villager (Male) |
| 17:59 | Build | Monastery |
| 18:01 | Build | House |
| 18:14 | Create | Villager (Male) |
| 18:15 | Create | Villager (Male) |
| 18:18 | Create | Villager (Male) |
| 18:18 | Create | Villager (Male) |
| 18:24 | Build | Farm |
| 18:25 | Build | Farm |
| 18:25 | Create | Villager (Male) |
| 18:33 | Build | House |
| 18:33 | Build | House |
| 18:40 | Create | Villager (Male) |
| 18:43 | Build | Farm |
| 18:45 | Build | Farm |
| 18:47 | Build | Farm |
| 18:52 | Create | Monk |
| 18:55 | Create | Villager (Male) |
| 18:55 | Create | Villager (Male) |
| 18:57 | Build | Farm |
| 19:03 | Create | Villager (Male) |
| 19:03 | Create | Villager (Male) |
| 19:08 | Build | Farm |
| 19:11 | Build | Farm |
| 19:13 | Build | Farm |
| 19:22 | Build | Farm |
| 19:26 | Create | Villager (Male) |
| 19:26 | Research | Loom |
| 19:29 | Build | Farm |
| 19:35 | Build | Farm |
| 19:36 | Build | Farm |
| 19:41 | Build | House |
| 19:42 | Build | House |
| 19:42 | Build | House |
| 19:51 | Create | Monk |
| 19:59 | Create | Villager (Male) |
| 19:59 | Create | Villager (Male) |
| 19:59 | Create | Villager (Male) |
| 19:59 | Create | Villager (Male) |
| 20:00 | Create | Villager (Male) |
| 20:03 | Build | Farm |
| 20:03 | Build | Farm |
| 20:03 | Build | Farm |
| 20:03 | Build | Farm |
| 20:04 | Build | Farm |
| 20:04 | Build | Farm |
| 20:04 | Build | Farm |
| 20:05 | Create | Villager (Male) |
| 20:05 | Create | Villager (Male) |
| 20:23 | Build | Farm |
| 20:25 | Build | Farm |
| 20:31 | Build | Farm |
| 20:38 | Build | Farm |
| 20:39 | Research | Wheelbarrow |
| 20:49 | Create | Monk |
| 20:57 | Create | Villager (Male) |
| 20:58 | Create | Villager (Male) |
| 20:58 | Create | Villager (Male) |
| 21:00 | Build | Farm |
| 21:03 | Build | Farm |
| 21:05 | Build | Farm |
Build order — Stranngel
First 150 of 576 actions detected
| 0:00 | Create | Villager (Male) |
| 0:01 | Create | Villager (Male) |
| 0:01 | Create | Villager (Male) |
| 0:02 | Build | House |
| 0:03 | Build | House |
| 0:07 | Create | Villager (Male) |
| 0:07 | Create | Villager (Male) |
| 1:27 | Create | Villager (Male) |
| 1:44 | Build | Lumber Camp |
| 2:00 | Create | Villager (Male) |
| 2:23 | Create | Villager (Male) |
| 2:54 | Create | Villager (Male) |
| 2:56 | Create | Villager (Male) |
| 3:24 | Build | House |
| 3:25 | Build | House |
| 3:26 | Build | House |
| 3:34 | Create | Villager (Male) |
| 4:21 | Create | Villager (Male) |
| 4:32 | Create | Villager (Male) |
| 4:50 | Create | Villager (Male) |
| 5:06 | Build | Mill |
| 5:14 | Create | Villager (Male) |
| 5:54 | Create | Villager (Male) |
| 5:54 | Create | Villager (Male) |
| 5:54 | Create | Villager (Male) |
| 5:55 | Create | Villager (Male) |
| 6:07 | Build | Mill |
| 6:29 | Create | Villager (Male) |
| 6:43 | Create | Villager (Male) |
| 8:12 | Build | Mining Camp |
| 8:26 | Research | Feudal Age |
| 9:45 | Create | Villager (Male) |
| 9:45 | Create | Villager (Male) |
| 10:41 | Age | Feudal Age |
| 10:43 | Build | Market |
| 10:46 | Build | Blacksmith |
| 11:32 | Research | Castle Age |
| 11:46 | Build | House |
| 11:50 | Research | Double-Bit Axe |
| 11:52 | Research | Horse Collar |
| 12:34 | Build | Farm |
| 12:37 | Build | Farm |
| 12:40 | Build | Farm |
| 12:48 | Build | House |
| 13:07 | Create | Villager (Male) |
| 13:07 | Create | Villager (Male) |
| 13:41 | Build | House |
| 14:12 | Age | Castle Age |
| 14:15 | Build | Town Center |
| 14:25 | Build | Town Center |
| 14:49 | Create | Villager (Male) |
| 14:55 | Build | Farm |
| 14:57 | Research | Wheelbarrow |
| 15:14 | Create | Villager (Male) |
| 15:18 | Create | Villager (Male) |
| 15:23 | Build | Farm |
| 15:26 | Build | Farm |
| 15:36 | Create | Villager (Male) |
| 15:36 | Create | Villager (Male) |
| 15:43 | Build | Farm |
| 15:45 | Build | Farm |
| 15:54 | Build | House |
| 15:58 | Create | Villager (Male) |
| 15:58 | Create | Villager (Male) |
| 16:05 | Build | Farm |
| 16:20 | Create | Villager (Male) |
| 16:32 | Build | House |
| 16:40 | Create | Villager (Male) |
| 16:42 | Create | Villager (Male) |
| 16:45 | Build | Farm |
| 16:46 | Build | Farm |
| 16:54 | Build | Farm |
| 17:00 | Build | House |
| 17:07 | Create | Villager (Male) |
| 17:07 | Create | Villager (Male) |
| 17:07 | Create | Villager (Male) |
| 17:08 | Create | Villager (Male) |
| 17:08 | Create | Villager (Male) |
| 17:14 | Create | Villager (Male) |
| 17:15 | Create | Villager (Male) |
| 17:22 | Build | Farm |
| 17:24 | Build | Farm |
| 17:37 | Create | Villager (Male) |
| 17:44 | Build | Farm |
| 17:47 | Create | Villager (Male) |
| 17:47 | Create | Villager (Male) |
| 17:55 | Build | House |
| 17:56 | Create | Villager (Male) |
| 17:56 | Create | Villager (Male) |
| 18:02 | Build | Farm |
| 18:08 | Create | Villager (Male) |
| 18:14 | Build | Farm |
| 18:20 | Build | Farm |
| 18:21 | Create | Villager (Male) |
| 18:21 | Create | Villager (Male) |
| 18:25 | Create | Villager (Male) |
| 18:26 | Create | Villager (Male) |
| 18:32 | Build | Farm |
| 18:39 | Build | House |
| 18:48 | Build | Outpost |
| 18:50 | Create | Villager (Male) |
| 18:50 | Create | Villager (Male) |
| 18:50 | Create | Villager (Male) |
| 18:56 | Create | Villager (Male) |
| 19:02 | Create | Villager (Male) |
| 19:09 | Build | Farm |
| 19:13 | Build | Farm |
| 19:14 | Create | Villager (Male) |
| 19:21 | Research | Town Watch |
| 19:25 | Research | Loom |
| 19:37 | Build | Monastery |
| 19:39 | Create | Villager (Male) |
| 19:39 | Create | Villager (Male) |
| 19:46 | Build | Farm |
| 19:46 | Build | Farm |
| 19:57 | Research | Bow Saw |
| 20:02 | Research | Loom |
| 20:03 | Create | Villager (Male) |
| 20:06 | Create | Villager (Male) |
| 20:07 | Create | Villager (Male) |
| 20:11 | Create | Villager (Male) |
| 20:22 | Build | Farm |
| 20:22 | Build | Farm |
| 20:22 | Build | Farm |
| 20:22 | Build | Farm |
| 20:32 | Create | Monk |
| 20:40 | Build | University |
| 20:41 | Create | Villager (Male) |
| 20:41 | Create | Villager (Male) |
| 20:42 | Create | Villager (Male) |
| 20:42 | Create | Villager (Male) |
| 20:42 | Create | Villager (Male) |
| 20:54 | Build | Farm |
| 21:03 | Create | Villager (Male) |
| 21:03 | Create | Villager (Male) |
| 21:03 | Create | Villager (Male) |
| 21:15 | Create | Villager (Male) |
| 21:15 | Create | Villager (Male) |
| 21:15 | Create | Villager (Male) |
| 21:16 | Create | Villager (Male) |
| 21:24 | Build | Farm |
| 21:25 | Build | Farm |
| 21:33 | Create | Monk |
| 21:49 | Build | Farm |
| 21:53 | Build | Mill |
| 21:54 | Build | Farm |
| 21:54 | Build | Farm |
| 21:54 | Build | Farm |
| 22:00 | Create | Villager (Male) |
| 22:01 | Create | Villager (Male) |
Build order — Thickboy_Jank
First 150 of 285 actions detected
| 0:01 | Create | Villager (Male) |
| 0:01 | Create | Villager (Male) |
| 0:02 | Create | Villager (Male) |
| 0:03 | Build | House |
| 0:05 | Build | House |
| 0:29 | Create | Villager (Male) |
| 1:30 | Create | Villager (Male) |
| 2:04 | Create | Villager (Male) |
| 2:12 | Build | House |
| 2:19 | Build | House |
| 2:42 | Create | Villager (Male) ×2 |
| 3:07 | Create | Villager (Male) |
| 3:28 | Create | Villager (Male) |
| 4:07 | Create | Villager (Male) |
| 4:07 | Create | Villager (Male) |
| 4:30 | Create | Villager (Male) |
| 4:47 | Build | Mill |
| 4:53 | Create | Villager (Male) |
| 5:02 | Build | Lumber Camp |
| 5:15 | Create | Villager (Male) |
| 5:32 | Create | Villager (Male) ×2 |
| 5:59 | Create | Villager (Male) ×2 |
| 6:54 | Create | Villager (Male) |
| 7:19 | Create | Villager (Male) |
| 7:42 | Research | Feudal Age |
| 8:59 | Build | House |
| 9:28 | Create | Villager (Male) |
| 9:52 | Age | Feudal Age |
| 9:53 | Research | Double-Bit Axe |
| 9:53 | Research | Double-Bit Axe |
| 10:10 | Build | Market |
| 10:19 | Create | Villager (Male) |
| 10:20 | Create | Villager (Male) |
| 10:20 | Create | Villager (Male) |
| 10:20 | Create | Villager (Male) |
| 10:20 | Create | Villager (Male) |
| 10:20 | Create | Villager (Male) |
| 10:45 | Build | Blacksmith |
| 11:31 | Build | Mining Camp |
| 11:35 | Create | Villager (Male) ×5 |
| 11:50 | Build | Pasture |
| 11:56 | Create | Villager (Male) |
| 12:14 | Build | House |
| 12:21 | Build | House |
| 12:27 | Create | Villager (Male) |
| 12:43 | Build | Pasture |
| 13:16 | Build | Mining Camp |
| 13:29 | Build | Pasture |
| 13:44 | Build | Pasture |
| 14:09 | Build | Pasture |
| 14:41 | Build | Pasture |
| 15:01 | Build | Pasture |
| 16:00 | Research | Castle Age |
| 16:00 | Research | Castle Age |
| 16:00 | Research | Castle Age |
| 16:12 | Build | House |
| 16:17 | Build | House |
| 16:20 | Create | Villager (Male) |
| 17:47 | Research | Tech 1014 |
| 17:53 | Research | Scale Mail Armor |
| 18:34 | Create | Villager (Male) |
| 18:34 | Create | Villager (Male) |
| 18:40 | Age | Castle Age |
| 18:46 | Build | Town Center |
| 18:51 | Build | Town Center |
| 18:54 | Create | Villager (Male) |
| 19:00 | Build | Castle |
| 19:36 | Research | Gold Mining |
| 19:41 | Research | Bow Saw |
| 19:44 | Build | Pasture |
| 19:46 | Research | Tech 1013 |
| 19:50 | Research | Forging |
| 19:59 | Create | Villager (Male) ×3 |
| 20:12 | Build | Pasture |
| 20:28 | Create | Unit 1920 ×3 |
| 20:28 | Create | Unit 1920 ×3 |
| 20:28 | Create | Unit 1920 ×3 |
| 20:38 | Create | Villager (Male) |
| 20:53 | Build | Pasture |
| 21:08 | Research | Loom |
| 21:09 | Research | Wheelbarrow |
| 21:13 | Build | Pasture |
| 21:16 | Create | Villager (Male) |
| 21:21 | Create | Unit 1920 |
| 21:21 | Create | Unit 1920 |
| 21:41 | Create | Villager (Male) ×2 |
| 22:03 | Create | Villager (Male) |
| 22:12 | Create | Villager (Male) ×4 |
| 22:31 | Create | Unit 1920 ×3 |
| 22:31 | Create | Unit 1920 ×3 |
| 22:33 | Create | Villager (Male) |
| 23:03 | Create | Unit 1920 ×5 |
| 23:03 | Create | Unit 1920 ×5 |
| 23:03 | Create | Unit 1920 |
| 23:03 | Create | Unit 1920 |
| 23:29 | Create | Villager (Male) ×2 |
| 23:51 | Create | Villager (Male) ×2 |
| 23:51 | Create | Villager (Male) ×2 |
| 23:57 | Build | Pasture |
| 23:57 | Build | Pasture |
| 23:57 | Build | Pasture |
| 23:58 | Build | Pasture |
| 23:58 | Build | Pasture |
| 23:58 | Build | Pasture |
| 23:58 | Build | Pasture |
| 23:59 | Build | Pasture |
| 23:59 | Build | Pasture |
| 23:59 | Build | Pasture |
| 24:04 | Create | Villager (Male) ×2 |
| 24:07 | Build | Pasture |
| 24:22 | Create | Unit 1920 ×3 |
| 24:22 | Create | Unit 1920 ×3 |
| 24:28 | Build | Pasture |
| 25:05 | Research | Hand Cart |
| 25:05 | Create | Villager (Male) |
| 25:05 | Create | Villager (Male) |
| 25:05 | Create | Villager (Male) |
| 25:09 | Build | Pasture |
| 25:30 | Create | Unit 1920 ×5 |
| 25:30 | Create | Unit 1920 ×5 |
| 25:48 | Create | Villager (Male) ×5 |
| 26:12 | Research | Chain Mail Armor |
| 26:20 | Build | Barracks |
| 26:26 | Build | House |
| 26:32 | Build | House |
| 26:33 | Build | House |
| 26:33 | Build | House |
| 26:40 | Build | House |
| 26:41 | Build | House |
| 26:42 | Build | House |
| 27:02 | Research | Gambesons |
| 27:03 | Research | Squires |
| 27:11 | Build | Pasture |
| 27:17 | Research | Tech 1006 |
| 27:30 | Build | Building 490 |
| 27:33 | Create | Villager (Male) ×5 |
| 27:41 | Create | Unit 1920 ×5 |
| 27:56 | Research | Iron Casting |
| 28:49 | Create | Unit 1920 |
| 28:50 | Create | Unit 1920 |
| 29:17 | Research | Imperial Age |
| 29:28 | Create | Unit 1920 ×3 |
| 29:29 | Create | Unit 1920 ×3 |
| 29:53 | Create | Unit 1920 ×2 |
| 29:53 | Create | Unit 1920 ×2 |
| 29:54 | Create | Villager (Male) ×5 |
| 29:55 | Create | Villager (Male) ×5 |
| 29:55 | Create | Villager (Male) ×3 |
| 29:55 | Create | Villager (Male) ×3 |
| 30:20 | Create | Unit 1920 ×3 |
Build order — LuisLh14
First 150 of 342 actions detected
| 0:04 | Create | Villager (Male) |
| 0:04 | Create | Villager (Male) |
| 0:05 | Create | Villager (Male) |
| 0:05 | Create | Villager (Male) |
| 0:05 | Create | Villager (Male) |
| 0:09 | Build | House |
| 0:11 | Build | House |
| 1:31 | Create | Villager (Male) |
| 2:15 | Create | Villager (Male) |
| 2:15 | Create | Villager (Male) |
| 2:21 | Build | Lumber Camp |
| 2:31 | Create | Villager (Male) |
| 3:29 | Create | Villager (Male) |
| 3:45 | Create | Villager (Male) |
| 3:45 | Create | Villager (Male) |
| 4:29 | Build | Mill |
| 4:41 | Create | Villager (Male) |
| 4:41 | Create | Villager (Male) |
| 4:42 | Create | Villager (Male) |
| 4:50 | Build | House |
| 4:52 | Research | Loom |
| 4:56 | Create | Villager (Male) |
| 4:56 | Create | Villager (Male) |
| 5:36 | Build | House |
| 5:43 | Create | Villager (Male) |
| 5:43 | Create | Villager (Male) |
| 5:44 | Create | Villager (Male) |
| 5:44 | Create | Villager (Male) |
| 6:41 | Build | Mill |
| 6:44 | Create | Villager (Male) |
| 6:44 | Create | Villager (Male) |
| 6:44 | Create | Villager (Male) |
| 6:45 | Create | Villager (Male) |
| 6:45 | Create | Villager (Male) |
| 8:09 | Build | House |
| 9:10 | Create | Villager (Male) |
| 9:30 | Create | Villager (Male) |
| 9:31 | Research | Feudal Age |
| 10:08 | Build | Farm |
| 10:09 | Build | Farm |
| 10:15 | Build | Farm |
| 11:19 | Build | Mining Camp |
| 11:24 | Create | Villager (Male) |
| 11:24 | Create | Villager (Male) |
| 12:57 | Build | Market |
| 13:03 | Build | Blacksmith |
| 13:10 | Research | Double-Bit Axe |
| 13:45 | Research | Castle Age |
| 15:07 | Build | Mining Camp |
| 15:32 | Build | House |
| 16:32 | Create | Villager (Male) |
| 16:32 | Create | Villager (Male) |
| 16:58 | Create | Villager (Male) |
| 17:35 | Create | Villager (Male) |
| 17:54 | Build | Town Center |
| 18:18 | Build | Castle |
| 18:23 | Create | Villager (Male) |
| 18:23 | Create | Villager (Male) |
| 18:23 | Create | Villager (Male) |
| 18:38 | Build | House |
| 18:39 | Build | House |
| 18:43 | Build | House |
| 18:44 | Build | House |
| 18:45 | Build | House |
| 19:10 | Build | Town Center |
| 19:16 | Research | Wheelbarrow |
| 19:26 | Research | Wheelbarrow |
| 19:41 | Build | Farm |
| 19:41 | Build | Farm |
| 19:42 | Build | Farm |
| 19:46 | Build | Farm |
| 19:55 | Create | Villager (Male) ×5 |
| 20:30 | Create | Villager (Male) ×3 |
| 20:33 | Build | Farm |
| 20:41 | Create | Villager (Male) ×5 |
| 20:42 | Create | Villager (Male) ×4 |
| 21:20 | Build | House |
| 21:21 | Build | House |
| 21:39 | Build | Farm |
| 21:40 | Build | Farm |
| 21:40 | Build | Farm |
| 21:42 | Build | Farm |
| 21:45 | Create | Villager (Male) ×2 |
| 21:45 | Create | Villager (Male) ×2 |
| 21:50 | Create | Villager (Male) ×2 |
| 21:50 | Create | Villager (Male) ×2 |
| 22:08 | Create | Mameluke |
| 22:08 | Create | Mameluke |
| 22:25 | Build | Siege Workshop |
| 23:01 | Create | Villager (Male) ×3 |
| 23:11 | Build | Barracks |
| 23:18 | Build | House |
| 23:18 | Build | House |
| 23:20 | Create | Villager (Male) ×2 |
| 23:20 | Create | Villager (Male) ×2 |
| 23:32 | Build | Farm |
| 23:32 | Build | Farm |
| 23:32 | Build | Farm |
| 23:32 | Build | Farm |
| 23:33 | Build | Farm |
| 23:33 | Build | Farm |
| 23:33 | Build | Farm |
| 23:39 | Create | Mameluke |
| 23:39 | Create | Mameluke |
| 23:54 | Create | Villager (Male) ×2 |
| 24:03 | Create | Villager (Male) ×4 |
| 24:03 | Create | Villager (Male) ×4 |
| 24:13 | Build | Farm |
| 24:23 | Build | Farm |
| 24:24 | Build | Farm |
| 24:24 | Build | Farm |
| 24:25 | Build | Farm |
| 24:25 | Build | Farm |
| 24:25 | Build | Farm |
| 24:26 | Build | Farm |
| 24:31 | Build | Farm |
| 24:33 | Create | Villager (Male) ×2 |
| 24:34 | Create | Villager (Male) ×2 |
| 24:59 | Create | Mameluke |
| 24:59 | Create | Mameluke |
| 25:00 | Create | Mameluke |
| 25:05 | Build | Mining Camp |
| 25:15 | Create | Villager (Male) ×3 |
| 25:21 | Build | Farm |
| 25:28 | Build | Farm |
| 25:29 | Build | Farm |
| 25:29 | Build | Farm |
| 25:33 | Create | Villager (Male) ×2 |
| 25:40 | Build | House |
| 25:41 | Build | House |
| 25:45 | Build | House |
| 25:46 | Build | House |
| 25:48 | Create | Villager (Male) ×2 |
| 25:49 | Create | Villager (Male) |
| 25:59 | Build | Farm |
| 26:01 | Build | Farm |
| 26:01 | Build | Farm |
| 26:03 | Create | Villager (Male) ×2 |
| 26:26 | Build | Farm |
| 26:36 | Research | Forging |
| 26:37 | Create | Villager (Male) ×4 |
| 26:46 | Build | Farm |
| 26:46 | Build | Farm |
| 26:46 | Build | Farm |
| 26:47 | Build | Farm |
| 26:48 | Build | Farm |
| 26:49 | Build | Farm |
| 26:52 | Create | Villager (Male) ×2 |
| 26:57 | Create | Mameluke |
| 27:10 | Build | Stable |
Build order — 爱你老妈明天见
First 150 of 289 actions detected
| 0:02 | Create | Villager (Male) ×4 |
| 0:03 | Build | House |
| 0:05 | Build | House |
| 1:40 | Create | Villager (Male) |
| 1:58 | Create | Villager (Male) |
| 2:20 | Build | Lumber Camp |
| 2:32 | Create | Villager (Male) |
| 3:22 | Create | Villager (Male) |
| 3:22 | Create | Villager (Male) ×2 |
| 4:12 | Create | Villager (Male) |
| 4:16 | Build | House |
| 4:21 | Build | House |
| 4:48 | Create | Villager (Male) |
| 4:49 | Create | Villager (Male) |
| 5:00 | Build | Mill |
| 5:31 | Create | Villager (Male) |
| 5:31 | Create | Villager (Male) |
| 6:32 | Create | Villager (Male) |
| 6:43 | Build | Mill |
| 6:51 | Build | House |
| 7:00 | Create | Villager (Male) |
| 7:31 | Create | Villager (Male) |
| 7:50 | Build | Mining Camp |
| 8:02 | Research | Feudal Age |
| 9:17 | Create | Villager (Male) |
| 10:12 | Age | Feudal Age |
| 10:14 | Create | Villager (Male) |
| 10:24 | Build | Market |
| 10:34 | Build | Blacksmith |
| 10:49 | Create | Villager (Male) |
| 11:08 | Build | House |
| 11:26 | Create | Villager (Male) |
| 12:10 | Create | Villager (Male) |
| 12:26 | Research | Castle Age |
| 12:33 | Build | Farm |
| 12:33 | Build | Farm |
| 12:38 | Build | Farm |
| 12:38 | Build | Farm |
| 12:44 | Build | Farm |
| 12:50 | Build | Farm |
| 12:59 | Research | Double-Bit Axe |
| 12:59 | Research | Double-Bit Axe |
| 13:33 | Research | Horse Collar |
| 13:38 | Create | Villager (Male) |
| 14:04 | Build | Farm |
| 14:09 | Build | Farm |
| 15:06 | Age | Castle Age |
| 15:10 | Create | Villager (Male) |
| 15:25 | Build | Town Center |
| 15:31 | Create | Villager (Male) |
| 15:41 | Research | Bow Saw |
| 15:42 | Create | Villager (Male) |
| 16:19 | Build | House |
| 16:21 | Build | House |
| 16:22 | Build | House |
| 16:44 | Create | Villager (Male) |
| 17:00 | Create | Villager (Male) |
| 17:05 | Research | Wheelbarrow |
| 17:21 | Research | Heavy Plow |
| 17:25 | Build | Farm |
| 17:32 | Create | Villager (Male) |
| 17:32 | Create | Villager (Male) |
| 17:54 | Build | Lumber Camp |
| 18:09 | Create | Villager (Male) |
| 18:09 | Create | Villager (Male) |
| 18:12 | Build | House |
| 18:13 | Build | House |
| 18:24 | Build | Farm |
| 18:27 | Build | Farm |
| 18:34 | Build | Farm |
| 18:35 | Create | Villager (Male) |
| 18:36 | Create | Villager (Male) |
| 19:31 | Build | Town Center |
| 19:35 | Build | Mining Camp |
| 19:39 | Create | Villager (Male) |
| 19:39 | Create | Villager (Male) |
| 19:39 | Create | Villager (Male) |
| 19:54 | Build | Monastery |
| 19:57 | Build | House |
| 19:59 | Build | House |
| 19:59 | Build | House |
| 20:28 | Create | Villager (Male) |
| 20:30 | Create | Villager (Male) |
| 20:31 | Create | Villager (Male) |
| 20:31 | Create | Villager (Male) |
| 20:42 | Research | Fervor |
| 20:42 | Create | Monk |
| 20:50 | Create | Villager (Male) |
| 20:50 | Create | Villager (Male) |
| 20:55 | Research | Hand Cart |
| 20:56 | Create | Villager (Male) |
| 20:56 | Create | Villager (Male) |
| 21:05 | Build | Farm |
| 21:05 | Build | Farm |
| 21:05 | Build | Farm |
| 21:05 | Build | Farm |
| 21:06 | Build | Farm |
| 21:06 | Build | Farm |
| 21:11 | Build | Farm |
| 21:25 | Build | House |
| 21:27 | Build | House |
| 21:31 | Create | Villager (Male) |
| 21:31 | Create | Villager (Male) |
| 21:32 | Create | Villager (Male) |
| 21:33 | Create | Villager (Male) |
| 21:55 | Create | Villager (Male) |
| 21:55 | Create | Villager (Male) |
| 21:56 | Create | Villager (Male) |
| 22:09 | Build | Lumber Camp |
| 22:22 | Build | Lumber Camp |
| 22:25 | Create | Villager (Male) |
| 22:25 | Create | Villager (Male) |
| 22:25 | Create | Villager (Male) |
| 22:47 | Build | House |
| 22:50 | Create | Villager (Male) ×5 |
| 23:00 | Build | Farm |
| 23:01 | Build | Farm |
| 23:01 | Build | Farm |
| 23:04 | Build | Farm |
| 23:06 | Build | Farm |
| 23:10 | Build | Farm |
| 23:12 | Build | Farm |
| 23:13 | Build | Farm |
| 23:18 | Create | Villager (Male) |
| 23:19 | Create | Villager (Male) |
| 23:19 | Create | Villager (Male) |
| 23:19 | Create | Villager (Male) |
| 23:19 | Create | Villager (Male) |
| 23:30 | Build | Farm |
| 23:30 | Build | Farm |
| 23:31 | Build | Farm |
| 23:31 | Build | Farm |
| 23:31 | Build | Farm |
| 23:33 | Build | Farm |
| 23:50 | Build | House |
| 23:53 | Build | Barracks |
| 23:58 | Create | Villager (Male) |
| 23:59 | Create | Villager (Male) |
| 23:59 | Create | Villager (Male) |
| 24:00 | Create | Villager (Male) |
| 24:01 | Create | Villager (Male) |
| 24:41 | Research | Loom |
| 24:43 | Create | Villager (Male) |
| 24:44 | Create | Villager (Male) |
| 24:45 | Create | Villager (Male) |
| 24:48 | Create | Villager (Male) |
| 24:50 | Create | Villager (Male) |
| 24:50 | Create | Villager (Male) |
| 24:52 | Create | Villager (Male) |
| 25:11 | Build | Town Center |
Match timeline
| 4:05 | GDL | ELPROTEOAOE · wall_segment Palisade Wall x1 |
| 4:06 | GDL | ELPROTEOAOE · wall_segment Palisade Wall x1 |
| 7:17 | GDL | ELPROTEOAOE · wall_segment Palisade Wall x1 |
| 9:52 | Thickboy_Jank · age_up feudal |
| 10:12 | 爱你老妈明天见 · age_up feudal |
| 10:41 | Stranngel · age_up feudal |
| 11:03 | Poseidon · age_up feudal |
| 11:46 | El sin manos xD · age_up feudal |
| 12:43 | GDL | ELPROTEOAOE · age_up feudal |
| 13:13 | Galagorth · age_up feudal |
| 13:42 | LuisLh14 · first_market_sell 100 wood |
| 13:44 | GDL | ELPROTEOAOE · first_market_sell 100 stone |
| 14:12 | Stranngel · age_up castle |
| 15:06 | 爱你老妈明天见 · age_up castle |
| 15:21 | El sin manos xD · age_up castle |
| 15:46 | El sin manos xD · first_market_buy 100 stone |
| 16:13 | Galagorth · first_building Barracks |
| 16:53 | GDL | ELPROTEOAOE · age_up castle |
| 17:01 | GDL | ELPROTEOAOE · first_building Siege Workshop |
| 17:08 | Galagorth · age_up castle |
| 17:12 | GDL | ELPROTEOAOE · first_building Castle |
| 17:56 | Galagorth · first_building Castle |
| 17:59 | El sin manos xD · first_building Monastery |
| 18:18 | LuisLh14 · first_building Castle |
| 18:40 | Thickboy_Jank · age_up castle |
| 19:00 | Thickboy_Jank · first_building Castle |
| 19:34 | Poseidon · age_up castle |
| 19:37 | Stranngel · first_building Monastery |
| 19:51 | LuisLh14 · first_market_buy 100 food |
| 19:54 | 爱你老妈明天见 · first_building Monastery |
| 19:55 | Poseidon · first_market_buy 100 stone |
| 20:03 | GDL | ELPROTEOAOE · first_market_buy 100 food |
| 20:13 | Poseidon · first_building Castle |
| 20:28 | Poseidon · first_building Monastery |
| 22:10 | Poseidon · first_building Siege Workshop |
| 22:25 | LuisLh14 · first_building Siege Workshop |
| 23:11 | LuisLh14 · first_building Barracks |
| 23:53 | 爱你老妈明天见 · first_building Barracks |
| 24:02 | Stranngel · first_building Barracks |
| 24:50 | El sin manos xD · first_building Siege Workshop |
| 24:51 | Stranngel · first_building Castle |
| 25:34 | Stranngel · first_building Archery Range |
| 25:55 | Stranngel · first_market_sell 100 food |
| 25:56 | Stranngel · first_market_buy 100 wood |
| 26:05 | El sin manos xD · first_building Barracks |
| 26:20 | Thickboy_Jank · first_building Barracks |
| 26:50 | Thickboy_Jank · first_market_sell 500 wood |
| 27:10 | LuisLh14 · first_building Stable |
| 27:26 | Galagorth · first_building Stable |
| 27:43 | El sin manos xD · first_building Castle |
| 27:47 | Stranngel · age_up imperial |
| 28:36 | 爱你老妈明天见 · first_building Castle |
| 29:40 | El sin manos xD · first_building Stable |
| 29:49 | El sin manos xD · age_up imperial |
| 29:56 | 爱你老妈明天见 · first_building Archery Range |
| 30:43 | Thickboy_Jank · first_building Siege Workshop |
| 31:43 | El sin manos xD · first_market_sell 500 food |
| 31:47 | 爱你老妈明天见 · first_building Stable |
| 31:52 | 爱你老妈明天见 · age_up imperial |
| 32:14 | 爱你老妈明天见 · first_building Siege Workshop |
| 32:27 | Thickboy_Jank · age_up imperial |
| 33:20 | Stranngel · first_building Stable |
| 34:44 | 爱你老妈明天见 · first_market_sell 500 wood |
| 35:05 | Thickboy_Jank · first_market_buy 100 stone |
| 35:37 | Stranngel · first_building Siege Workshop |
| 36:28 | El sin manos xD · first_building Archery Range |
| 36:48 | Thickboy_Jank · tribute_sent a jugador 1 |
| 36:48 | Thickboy_Jank · tribute_sent a jugador 2 |
| 36:48 | Thickboy_Jank · tribute_sent a jugador 3 |
| 36:48 | Thickboy_Jank · tribute_sent a jugador 4 |
| 36:49 | Thickboy_Jank · tribute_sent a jugador 6 |
| 36:49 | Thickboy_Jank · tribute_sent a jugador 7 |
| 36:49 | Thickboy_Jank · tribute_sent a jugador 8 |
| 38:15 | Poseidon · first_building Barracks |
| 39:29 | Thickboy_Jank · tribute_sent a jugador 1 |
| 39:29 | Thickboy_Jank · tribute_sent a jugador 2 |
| 39:29 | Thickboy_Jank · tribute_sent a jugador 3 |
| 39:29 | Thickboy_Jank · tribute_sent a jugador 4 |
| 39:29 | Thickboy_Jank · tribute_sent a jugador 6 |
| 39:29 | Thickboy_Jank · tribute_sent a jugador 7 |
| 39:29 | Thickboy_Jank · tribute_sent a jugador 8 |
| 39:49 | El sin manos xD · resign |
| 40:07 | Poseidon · age_up imperial |
| 41:10 | Thickboy_Jank · tribute_sent a jugador 1 |
| 41:10 | Thickboy_Jank · tribute_sent a jugador 2 |
| 41:10 | Thickboy_Jank · tribute_sent a jugador 3 |
| 41:10 | Thickboy_Jank · tribute_sent a jugador 4 |
| 41:10 | Thickboy_Jank · tribute_sent a jugador 6 |
| 41:10 | Thickboy_Jank · tribute_sent a jugador 7 |
| 41:10 | Thickboy_Jank · tribute_sent a jugador 8 |
| 41:18 | 爱你老妈明天见 · first_market_buy 100 wood |
| 41:49 | 爱你老妈明天见 · wall_segment Stone Wall x13 |
| 42:05 | Poseidon · first_building Archery Range |
| 43:54 | Thickboy_Jank · first_building Stable |
[ AI ANALYSIS · 1 CREDIT ]
What really happened in this match?
Wolo.gg analyzes every decision: build order, eco, micro, common mistakes by bracket. Personalized analysis on WhatsApp or Discord in 30 seconds.
Civ guide
Goths
Perfil
Jugador #8421839